 Dungeon Crawl Stone Soup version 0.15-a0-1214-g8274541 (webtiles) character file.

136 zercules the Twirler (level 4, -1/37 HPs)
             Began as a Minotaur Gladiator on June 2, 2014.
             Slain by a gnoll
             ... wielding a +1,+0 halberd
              (8 damage)
             ... on Level 2 of the Dungeon.
             The game lasted 00:04:03 (1148 turns).

zercules the Twirler (Minotaur Gladiator)           Turns: 1148, Time: 00:04:03

HP  -1/37        AC  3     Str 20      XL: 4   Next: 98%
MP   2/2         EV 13     Int  6      God:
Gold 61          SH  0     Dex 10      Spells:  0 memorised,  3 levels left

rFire  . . .     SeeInvis .     a - +0 quarterstaff
rCold  . . .     Clarity  .     b - +0 leather armour
rNeg   . . .     rCorr    .     (no shield)
rPois  .         rRot     .     c - +0 hat
rElec  .         Spirit   .     (no cloak)
SustAb .         Warding  .     (no gloves)
rMut   .         Stasis   .     (no boots)
Gourm  .                        (no amulet)
MR     .....                    (no ring)
                                (no ring)

@: not resistant to hostile enchantments, very unstealthy
A: retaliatory headbutt, horns 2
a: no special abilities


You were on level 2 of the Dungeon.
You were hungry.

You visited 1 branch of the dungeon, and saw 2 of its levels.

You collected 61 gold pieces.

Inventory:

Hand weapons
 a - a +0,+0 quarterstaff (weapon)
Missiles
 d - 2 throwing nets (quivered)
Armour
 b - a +0 leather armour (worn)
 c - a +0 hat (worn)
 i - a cursed +0 pair of gloves
 s - a +1 pair of gloves
Comestibles
 f - 2 bread rations
 g - a meat ration
 o - a royal jelly
Scrolls
 e - 3 scrolls of remove curse {unknown}
 h - a scroll of amnesia {unknown}
 k - a scroll of fear {unknown}
 l - a scroll of magic mapping {unknown}
 n - a scroll of fog {unknown}
 q - a scroll of teleportation {unknown}
 r - a scroll of identify {unknown}
Potions
 j - a potion of haste {unknown}
 m - 3 potions of curing {unknown}
 p - a potion of heal wounds {unknown}


   Skills:
 - Level 2.4 Fighting
 + Level 5.5 Staves
 - Level 2.0 Throwing
 + Level 4.9 Dodging


You had 3 spell levels left.
You didn't know any spells.

Dungeon Overview and Level Annotations

Branches:
Dungeon (2/15)

Altars:


Innate Abilities, Weirdness & Mutations

You reflexively headbutt those who attack you in melee.
You have a pair of horns on your head.


Message History

Huge Dmg: -19%(-7hp) hp: 65%(24hp)
You hit the gnoll. Your headbutt misses the gnoll.
The gnoll is lightly wounded.
The gnoll hits you with a halberd.
Damage: -10%(-4hp) hp: 55%(20hp)
You barely miss the gnoll. Your headbutt misses the gnoll.
The gnoll is lightly wounded.
The gnoll hits you with a halberd!
Huge Dmg: -19%(-7hp) hp: 36%(13hp)
You hit the gnoll but do no damage.
The gnoll is lightly wounded.
You hit the gnoll.
The gnoll is heavily wounded.
The gnoll hits you with a halberd!
* * * LOW HITPOINT WARNING * * *
Huge Dmg: -22%(-8hp) hp: 14%(5hp)
The gnoll closely misses you.
There is a stone staircase leading up here.
The gnoll hits you from afar with a halberd!
You die...

#g #.##...# ##.###.#.#.##. .g
#.##...# #...#.#...... .
########.##...######.#.##...##
.........(....%........##.....
########.#####..............).
#.# #.#####.#%....### #.#
#.......#.###.# #.#
###.......%.# #.#
#.###.@....)..#####.###
#######.##g.##...............
..............................
#######....###.....#####..###
#.#### #.....# ### #.# #######
###


You could see a gnoll.

Vanquished Creatures
  Sigmund (D:2)
  2 adders (D:2)
  A gnoll (D:2)
  2 giant geckos (D:1)
  4 giant cockroaches
  4 hobgoblins
  3 kobolds
  A ball python (D:2)
  6 bats
  A giant newt (D:1)
  3 goblins
  9 rats
37 creatures vanquished.

Notes
Turn   | Place    | Note
--------------------------------------------------------------
     0 | D:1      | zercules, the Minotaur Gladiator, began the quest for the Orb.
     0 | D:1      | Reached XP level 1. HP: 18/18 MP: 1/1
   124 | D:1      | Huge Dmg: 5 dmg
   127 | D:1      | Huge Dmg: 3 dmg
   127 | D:1      | Reached XP level 2. HP: 12/25 MP: 1/1
   335 | D:1      | Reached skill level 4 in Staves
   485 | D:1      | Huge Dmg: 5 dmg
   747 | D:2      | Noticed Sigmund
   771 | D:2      | Huge Dmg: 5 dmg
   773 | D:2      | Killed Sigmund
   773 | D:2      | Reached skill level 5 in Staves
   773 | D:2      | Reached XP level 3. HP: 20/30 MP: 2/2
   773 | D:2      | Reached XP level 4. HP: 24/37 MP: 2/2
  1131 | D:2      | Huge Dmg: 7 dmg
  1133 | D:2      | Huge Dmg: 7 dmg
  1135 | D:2      | Huge Dmg: 8 dmg
  1148 | D:2      | Slain by a gnoll

Action                   |  1- 3 |  4- 6 || total
-------------------------+-------+-------++-------
Melee: Quarterstaff      |    49 |    28 ||    77
Throw: Throwing net      |     4 |       ||     4
